General information
- name: BNet
- type: Ladder team game (AT/RT)
- host: Battle.net
- saver: TALONSAREIMBA
map: BloodstoneMesa
- players: 6
- length: 13:58
- speed: Fast
- version: 1.24 W3XP
- replay type: Public
» download(113 KB)
Players
team 1 (loser)
Etrapedmydog (
teal | 49 APM | 671 actions | 13:49)
2 Mountain King
1 Storm Bolt
1 Bash
1 Paladin
1 Holy Light
» actions
| Assign group hotkey | 8 | |
| Basic commands | 39 | |
| Build / train | 63 | |
| Enter build submenu | 25 | |
| Enter hero's abilities submenu | 3 | |
| Right click | 240 | |
| Select / deselect | 187 | |
| Select group hotkey | 47 | |
| Use ability | 59 | |
671 total
» units
| Peasant | 16 | |
| Rifleman | 15 | |
| Mortar Team | 1 | |
| Spell Breaker | 2 | |
34 total
» upgrades
| Masonry | 2 | |
| Gunpowder | 1 | |
| Long Rifles | 1 | |
| Lumber Harvesting | 1 | |
| Armor | 1 | |
6 total
» buildings
| Farm | 7 | |
| Altar of Kings | 1 | |
| Blacksmith | 1 | |
| Barracks | 1 | |
| Scout Tower | 9 | |
| Arcane Vault | 1 | |
| Town Hall | 1 | |
| Lumber Mill | 1 | |
| Guard Tower | 6 | |
| Arcane Tower | 2 | |
| Keep | 1 | |
| Workshop | 1 | |
| Arcane Sanctum | 1 | |
33 total
» build order
00:11 Farm
00:50 Altar of Kings
01:10 Blacksmith
01:25 Barracks
01:40 Farm
02:17 Farm
02:33 Scout Tower
03:25 Farm
03:59 Arcane Vault
04:12 Town Hall
04:19 Scout Tower
04:32 Lumber Mill
04:56 Scout Tower
05:26 Scout Tower
05:54 Guard Tower
05:55 Guard Tower
05:58 Scout Tower
06:12 Arcane Tower
06:16 Scout Tower
06:20 Guard Tower
06:26 Scout Tower
07:07 Scout Tower
07:09 Arcane Tower
07:17 Keep
07:23 Scout Tower
07:44 Guard Tower
07:54 Guard Tower
09:44 Farm
10:18 Farm
10:19 Guard Tower
11:20 Workshop
11:32 Arcane Sanctum
11:42 Farm
» items
| Lesser Clarity Potion | 5 | |
| Scroll of Regeneration | 2 | |
| Potion of Mana | 1 | |
| Scroll of Town Portal | 1 | |
9 total
HoneyBlunt (
yellow | 78 APM | 1082 actions | 13:56)
3 Tauren Chieftain
1 War Stomp
2 Endurance Aura
1 Shadow Hunter
1 Hex
» actions
| Assign group hotkey | 10 | |
| Basic commands | 27 | |
| Build / train | 39 | |
| ESC pressed | 1 | |
| Enter build submenu | 15 | |
| Enter hero's abilities submenu | 4 | |
| Right click | 511 | |
| Select / deselect | 283 | |
| Select group hotkey | 110 | |
| Use ability | 82 | |
1082 total
» units
» upgrades
| Berserker Strength | 1 | |
| Reinforced Defenses | 1 | |
| Melee Weapons | 1 | |
| Armor | 1 | |
4 total
» buildings
| Orc Burrow | 8 | |
| Barracks | 1 | |
| Altar of Storms | 1 | |
| Voodoo Lounge | 1 | |
| Stronghold | 1 | |
| War Mill | 1 | |
| Fortress | 1 | |
| Spirit Lodge | 2 | |
| Tauren Totem | 2 | |
18 total
» build order
00:28 Orc Burrow
00:32 Barracks
00:36 Altar of Storms
01:37 Orc Burrow
02:06 Voodoo Lounge
03:21 Stronghold
03:29 Orc Burrow
04:46 War Mill
07:00 Fortress
07:03 Spirit Lodge
08:25 Orc Burrow
09:39 Tauren Totem
09:43 Tauren Totem
09:58 Orc Burrow
09:59 Orc Burrow
10:02 Orc Burrow
10:03 Orc Burrow
11:49 Spirit Lodge
» items
| Healing Salve | 4 | |
| Lesser Clarity Potion | 2 | |
| Scroll of Town Portal | 2 | |
| Orb of Lightning | 1 | |
9 total
nareth (
blue | 89 APM | 1243 actions | 13:55)
3 Death Knight
2 Death Coil
1 Unholy Aura
1 Lich
1 Frost Nova
» actions
| Assign group hotkey | 16 | |
| Basic commands | 76 | |
| Build / train | 49 | |
| Enter build submenu | 13 | |
| Enter hero's abilities submenu | 4 | |
| Right click | 458 | |
| Select / deselect | 368 | |
| Select group hotkey | 201 | |
| Use ability | 58 | |
1243 total
» units
| Acolyte | 9 | |
| Ghoul | 3 | |
| Crypt Fiend | 10 | |
| Obsidian Statue | 4 | |
26 total
» upgrades
» buildings
| Crypt | 1 | |
| Graveyard | 1 | |
| Altar of Darkness | 1 | |
| Ziggurat | 5 | |
| Tomb of Relics | 1 | |
| Nerubian Tower | 1 | |
| Halls of the Dead | 2 | |
| Slaughterhouse | 3 | |
| Spirit Tower | 2 | |
| Black Citadel | 2 | |
19 total
» build order
00:07 Crypt
00:08 Graveyard
00:42 Altar of Darkness
00:58 Ziggurat
01:24 Tomb of Relics
01:56 Nerubian Tower
02:33 Ziggurat
03:40 Halls of the Dead
03:40 Halls of the Dead
04:39 Ziggurat
07:08 Slaughterhouse
07:33 Slaughterhouse
07:42 Spirit Tower
07:43 Spirit Tower
08:40 Ziggurat
09:04 Ziggurat
10:11 Black Citadel
10:11 Black Citadel
11:19 Slaughterhouse
» items
| Rod of Necromancy | 2 | |
| Scroll of Town Portal | 5 | |
| Lesser Clarity Potion | 1 | |
8 total
team 2 (winner)
biers (
green | 57 APM | 789 actions | 13:57)
4 Death Knight
2 Death Coil
2 Unholy Aura
2 Lich
1 Frost Nova
1 Frost Armor
1 Dreadlord
1 Vampiric Aura
» actions
| Assign group hotkey | 44 | |
| Basic commands | 18 | |
| Build / train | 42 | |
| Enter build submenu | 15 | |
| Enter hero's abilities submenu | 7 | |
| Give item / drop item | 3 | |
| Remove unit from queue | 1 | |
| Right click | 304 | |
| Select / deselect | 112 | |
| Select group hotkey | 193 | |
| Use ability | 50 | |
789 total
» units
| Acolyte | 7 | |
| Ghoul | 4 | |
| Crypt Fiend | 7 | |
| Frost Wyrm | 1 | |
19 total
» upgrades
| Burrow | 1 | |
| Web | 1 | |
| Creature Attack | 1 | |
| Creature Carapace | 1 | |
4 total
» buildings
| Graveyard | 1 | |
| Ziggurat | 6 | |
| Crypt | 1 | |
| Altar of Darkness | 1 | |
| Tomb of Relics | 1 | |
| Halls of the Dead | 1 | |
| Necropolis | 1 | |
| Black Citadel | 1 | |
| Sacrificial Pit | 1 | |
| Boneyard | 2 | |
16 total
» build order
00:15 Graveyard
00:26 Ziggurat
00:41 Crypt
00:59 Altar of Darkness
01:17 Ziggurat
01:40 Tomb of Relics
03:56 Halls of the Dead
04:34 Ziggurat
06:13 Necropolis
08:35 Black Citadel
10:09 Ziggurat
10:12 Ziggurat
10:14 Sacrificial Pit
11:22 Boneyard
11:25 Boneyard
13:13 Ziggurat
» items
| Rod of Necromancy | 1 | |
| Scroll of Town Portal | 3 | |
| Potion of Healing | 1 | |
| Orb of Corruption | 1 | |
6 total

»
ShartStain (
red | 113 APM | 1583 actions | 13:57)
4 Archmage
2 Summon Water Elemental
2 Brilliance Aura
2 Mountain King
1 Storm Bolt
1 Bash
» actions
| Assign group hotkey | 37 | |
| Basic commands | 29 | |
| Build / train | 63 | |
| Enter build submenu | 16 | |
| Enter hero's abilities submenu | 6 | |
| Give item / drop item | 2 | |
| Remove unit from queue | 3 | |
| Right click | 621 | |
| Select / deselect | 222 | |
| Select group hotkey | 499 | |
| Use ability | 85 | |
1583 total
» units
| Peasant | 14 | |
| Footman | 7 | |
| Sorceress | 3 | |
| Priest | 3 | |
| Spell Breaker | 3 | |
30 total
» upgrades
| Defend | 1 | |
| Priest Training | 1 | |
| Sorceress Training | 1 | |
| Masonry | 1 | |
4 total
» buildings
| Altar of Kings | 1 | |
| Barracks | 1 | |
| Farm | 8 | |
| Scout Tower | 3 | |
| Arcane Tower | 4 | |
| Keep | 2 | |
| Arcane Vault | 1 | |
| Lumber Mill | 1 | |
| Blacksmith | 1 | |
| Arcane Sanctum | 2 | |
| Town Hall | 1 | |
| Castle | 1 | |
| Guard Tower | 1 | |
27 total
» build order
00:13 Altar of Kings
00:21 Barracks
00:43 Farm
00:50 Farm
01:38 Farm
01:44 Scout Tower
02:14 Arcane Tower
02:14 Arcane Tower
02:14 Arcane Tower
02:44 Farm
03:26 Keep
03:26 Keep
03:45 Arcane Vault
03:54 Lumber Mill
04:56 Farm
04:58 Blacksmith
05:49 Arcane Sanctum
05:49 Arcane Sanctum
07:12 Farm
08:36 Town Hall
10:50 Farm
10:50 Farm
10:54 Scout Tower
10:55 Scout Tower
11:35 Castle
11:37 Guard Tower
» items
| Scroll of Regeneration | 2 | |
| Lesser Clarity Potion | 2 | |
| Scroll of Town Portal | 3 | |
7 total
TALONSAREIMBA (
purple | 146 APM | 2043 actions | 13:58)
4 Tauren Chieftain
2 War Stomp
2 Endurance Aura
2 Shadow Hunter
1 Hex
1 Healing Wave
» actions
| Assign group hotkey | 22 | |
| Basic commands | 135 | |
| Build / train | 54 | |
| Enter build submenu | 8 | |
| Enter hero's abilities submenu | 6 | |
| Right click | 872 | |
| Select / deselect | 469 | |
| Select group hotkey | 418 | |
| Use ability | 59 | |
2043 total
» units
| Peon | 7 | |
| Troll Headhunter/Berserker | 19 | |
26 total
» upgrades
| Ranged Weapons | 2 | |
| Armor | 1 | |
| Berserker Upgrade | 1 | |
4 total
» buildings
| Altar of Storms | 1 | |
| Orc Burrow | 4 | |
| War Mill | 1 | |
| Barracks | 1 | |
| Voodoo Lounge | 1 | |
| Stronghold | 2 | |
| Fortress | 1 | |
11 total
» build order
00:05 Altar of Storms
00:08 Orc Burrow
00:25 War Mill
01:13 Barracks
01:52 Voodoo Lounge
02:04 Orc Burrow
04:18 Stronghold
04:29 Orc Burrow
05:20 Orc Burrow
10:08 Fortress
» items
| Healing Salve | 3 | |
| Scroll of Town Portal | 3 | |
| Lesser Clarity Potion | 4 | |
| Potion of Healing | 2 | |
| Potion of Mana | 1 | |
13 total
Chat log
(00:31 / Allies) TALONSAREIMBA: honeybad
(06:00 / Allies) TALONSAREIMBA: well that works out
(06:43 / Allies) ShartStain: im 9out
(06:53 / Allies) TALONSAREIMBA: we raped that
(08:04 / Allies) biers: bedhinds
(09:02 / Allies) ShartStain: all hit bottom?
(09:09 / Allies) ShartStain: b
(09:31 / Allies) ShartStain: go
(09:50 / Allies) ShartStain: tpiongh
(10:06 / Allies) TALONSAREIMBA: he did that on purpose dog
(10:13 / Allies) TALONSAREIMBA: just hit bot
(10:14 / Allies) TALONSAREIMBA: he has to tp
(11:06 / Allies) ShartStain: im here
(11:19 / Allies) TALONSAREIMBA: meet fuck
(11:57 / Allies) TALONSAREIMBA: before he pumps tauren
(13:30 / All) TALONSAREIMBA: not on my level yet
(13:42 / All) HoneyBlunt: gg
(13:45 / All) nareth: oh no im not a nertd?
(13:47 / All) nareth: nerd
(13:48 / All) HoneyBlunt: thats all a pro needs to say
(13:49 / All) nareth: damn